 Dungeon Sprint DCSS version 0.28.0-56-g4927b6849a (webtiles) character file.

Game seed: 17996782641652606910

5 theblackgale the Skirmisher (level 1, -2/19 HPs)
             Began as a Formicid Abyssal Knight on Jan 26, 2023.
             Was a Believer of Lugonu.
             Slain by a scorpion (9 damage)
             ... in the Dungeon (Sprint IX: "|||||||||||||||||||||||||||||").
             The game lasted 00:00:25 (28 turns).

theblackgale the Skirmisher (Formicid Abyssal Knight) Turns: 28, Time: 00:00:26

Health: -2/19      AC:  3    Str: 17    XL:     1   Next: 88%
Magic:  2/2        EV: 11    Int:  9    God:    Lugonu [**....]
Gold:   0          SH:  0    Dex: 11    Spells: 0/0 levels left

rFire   . . .      SeeInvis +   a - +1 spear
rCold   . . .      Faith    .   (no shield)
rNeg    . . .      Spirit   .   b - +0 leather armour
rPois   .          Reflect  .   (helmet unavailable)
rElec   .          Harm     .   (no cloak)
rCorr   .          Rampage  .   (no gloves)
Will    .....                   (no boots)
Stlth   +.........              (no amulet)
HPRegen 0.06/turn               (no ring)
MPRegen 0.08/turn               (no ring)

@: lethally poisoned (-2 -> -14)
A: permanent stasis, dig shafts and tunnels, antennae 3, four strong arms
a: Dig, Renounce Religion, Bend Space


You were in the Dungeon.
You worshipped Lugonu.
Lugonu was pleased with you.
You visited 1 branch

Inventory:

Hand Weapons
 a - a +1 spear (weapon)
Armour
 b - a +0 leather armour (worn)
Potions
 c - a potion of curing
 d - a potion of heal wounds
 e - 2 potions of magic


   Skills:
 + Level 4.0 Fighting
 + Level 2.8 Polearms
 + Level 2.6 Armour
 + Level 0.9 Dodging
 + Level 2.6 Invocations


You couldn't memorise any spells.
You didn't know any spells.
Your spell library was empty.

Dungeon Overview and Level Annotations

Branches:
Dungeon (1/1)

Altars:


Innate Abilities, Weirdness & Mutations

You cannot be hasted, slowed, berserked, paralysed or teleported.
You can dig through walls and to a lower floor.
You have a pair of large antennae on your head. (SInv)
Your four strong arms can wield two-handed weapons with a shield.


Message History

You hit the rat.
You kill the rat!
Lugonu accepts your kill.
The rat twitches its whiskers.
Things that are here:
a +0 dagger; a goblin corpse You puncture the endoplasm!
You kill the endoplasm!
Lugonu accepts your kill.
You hit the rat.
You kill the rat!
Lugonu accepts your kill.
You see here a rat corpse.
Things that are here:
a +0 dagger; a goblin corpse
There is an open door to the Dungeon, spattered with blood here.
Things that are here:
a +0 short sword; 5 stones
There is an open door to the Dungeon, spattered with blood here.
Things that are here:
a +0 short sword; 5 stones
Things that are here:
a +0 dagger; a goblin corpse You see here a rat corpse.
You open the door.
A scorpion, a quokka, an orc, a water moccasin and a worm come into view.
The orc is wielding a +0 dagger and quivering boomerangs of dispersal.
The orc shouts!
The water moccasin hisses angrily.
You completely miss the scorpion. The scorpion closely misses you.
You barely miss the scorpion. The scorpion stings you.
You barely miss the scorpion. Your punch misses the scorpion.
The scorpion barely misses you.
You barely miss the scorpion. The scorpion barely misses you. x2
You hit the scorpion but do no damage. The scorpion stings you.
You are lethally poisoned!
The scorpion poisons you!
You barely miss the scorpion.
You feel very sick. The scorpion stings you!
You die... { { ▓▓▓▓▓▓▓▓▓▓▓▓▓▓▓▓▓▓ ▓<...))†..@sroSw.+ ▓▓▓▓▓▓▓▓▓▓▓▓▓▓▓▓▓▓

You could see a water moccasin, a worm, a scorpion, an orc and a quokka.

Vanquished Creatures
  An endoplasm (D)
  A goblin (D)
  A kobold (D)
  2 rats (D)
5 creatures vanquished.

Notes
Turn   | Place    | Note
-------+----------+-------------------------------------------
     0 | D        | theblackgale the Formicid Abyssal Knight began the quest
                  | for the Orb.
     0 | D        | Reached XP level 1. HP: 18/18 MP: 2/2
     7 | D        | Reached ** piety under Lugonu
     8 | D        | Reached skill level 4 in Fighting
    22 | D        | Noticed a scorpion
    22 | D        | Noticed a water moccasin
    28 | D        | Slain by a scorpion

Illustrated notes

Levels and vault maps discovered:
D:        linesprint [early_d, line_temple, items_1, d_10, items_2, lair_1,
          lair_end, items_3, orc_1, orc_end, items_4, d_15, swamp_1, shoals_1,
          snake_1, spider_1, d_20, vaults_1, items_5, swamp_end, shoals_end,
          snake_end, spider_end, vaults_end, d_27, items_6, zot_1, zot_end,
          crypt_end, forest_end, elf_end, slime_end, tomb_end, abyss_end,
          pan_hell_end]

Skill      XL: |  1 |
---------------+----+-----
Fighting       | 4 |  4.0
Polearms       | |  2.8
Armour         | |  2.6
Dodging        | |  0.9
Invocations    | |  2.6

Action                   || total
-------------------------++-------
Melee: Spear             ||    12
Armor: Leather armour    ||     2
Dodge: Dodged            ||     4
